 Dungeon Crawl Stone Soup version 0.29.0-13-gc9e81de378 (webtiles) character file.

Game seed: 9494172319496978343

4 MacCMillion the Caller (level 1, 7/7 HPs)
             Began as a Felid Summoner on Sept 9, 2022.
             Quit the game on level 1 of the Dungeon.
             The game lasted 00:01:39 (125 turns).

MacCMillion the Caller (Felid Summoner)              Turns: 125, Time: 00:01:40

Health: 7/7        AC:  1    Str:  4    XL:     1   Next: 50%
Magic:  3/4        EV: 17    Int: 16    God:
Gold:   9          SH:  0    Dex: 16    Spells: 3/4 levels left
                                        Lives:  0   Deaths: 0

rFire   . . .      SeeInvis +   (weapon unavailable)
rCold   . . .      Faith    .   (shield unavailable)
rNeg    . . .      Spirit   .   (body armour unavailable)
rPois   .          Reflect  .   (helmet unavailable)
rElec   .          Harm     .   (cloak unavailable)
rCorr   .          Rampage  .   (gloves unavailable)
Will    .....                   (boots unavailable)
Stlth   ++........              (no amulet)
HPRegen 0.02/turn               (no ring)
MPRegen 0.09/turn               (no ring)

@: quick
A: very small, claws 1, fangs 3, see invisible, speed 1, shaggy fur 1, stealthy
paws, no weapons or thrown items, no armour, multi-lived
a: no special abilities


You were on level 1 of the Dungeon.
You visited 1 branch of the dungeon, and saw 1 of its levels.

You collected 9 gold pieces.

Inventory:

Potions
 a - a potion of magic


   Skills:
 + Level 2.7 Dodging
 + Level 2.7 Stealth
 + Level 2.0 Spellcasting
 + Level 4.1 Summonings


You had 3 spell levels left.
You knew the following spells:

 Your Spells              Type           Power      Damage    Failure   Level
a - Summon Small Mammal   Summ           56%        N/A       3%          1

Your spell library contained the following spells:

 Spells                   Type           Power      Damage    Failure   Level
 Call Imp                 Summ           14%        N/A       5%          2
 Call Canine Familiar     Summ           14%        N/A       11%         3
 Summon Guardian Golem    Hex/Summ       8%         N/A       26%         3
 Summon Lightning Spire   Summ/Air       8%         N/A       65%         4


Dungeon Overview and Level Annotations

Branches:
Dungeon (1/15)

Altars:


Innate Abilities, Weirdness & Mutations

You have sharp claws.
You have razor-sharp teeth.
You have supernaturally acute eyesight. (SInv)
You cover ground quickly. (Speed+)
You are covered in fur. (AC +1)
Your paws help you pounce on unaware monsters.
You are incapable of wielding weapons or throwing items.
You cannot wear armour.
You gain extra lives every three experience levels.


Message History

The dart slug dies!
You see here a dart slug corpse.
A frilled lizard comes into view.
You swap places.
What are your orders? t - Meow!
Orders for allies: a - Attack new target. r - Retreat! s - Stop attacking. g - Guard the area. f - Follow me.
Anything else - Cancel.
Gang up on whom?
Press: ? - help, Dir - move target, f - frilled lizard
Aim: a frilled lizard (asleep, ally target) Attack!
The frilled lizard hisses angrily.
Your quokka closely misses the frilled lizard.
The frilled lizard barely misses your quokka.
Your quokka misses the frilled lizard.
The frilled lizard closely misses your quokka.
Your quokka bites the frilled lizard.
The frilled lizard bites your quokka.
Your quokka disappears in a puff of smoke!
Your quokka bites the frilled lizard.
The frilled lizard dies!
You swap places.
You see here a frilled lizard corpse.
A frilled lizard comes into view.
What are your orders? t - Meow!
Orders for allies: a - Attack new target. r - Retreat! s - Stop attacking. g - Guard the area. f - Follow me.
Anything else - Cancel.
Gang up on whom?
Press: ? - help, Dir - move target, f - frilled lizard
Aim: a frilled lizard (asleep, ally target) Attack!
Casting: Summon Small Mammal (safe; 3% risk of failure)
Confirm with . or Enter, or press ? or * to list all spells.
The frilled lizard hisses angrily.
Are you sure you want to abandon this character and quit the game? (Confirm with "yes".)

.. .# l# r#
##.#
#..######
##........
. #.@.#
..#####..##
......b.##
♣♣♣......#
♣♣♣
♣.♣....#
..♣♣♣♣
♣.♣.....##
♣♣...♣♣ ♣
♣♣♣....###
♣.♣♣♣.♣♣♣♣
♣♣.....#
.♣♣
♣♣...♣♣♣
♣♣.....###


You could see a frilled lizard (ally target), a friendly quokka (summoned) and a
friendly bat (summoned).

Vanquished Creatures (collateral kills)
  A dart slug (D:1)
  A ball python (D:1)
  A frilled lizard (D:1)
3 creatures vanquished.

Notes
Turn   | Place    | Note
-------+----------+-------------------------------------------
     0 | D:1      | MacCMillion the Felid Summoner began the quest for the Orb.
     0 | D:1      | Reached XP level 1. HP: 7/7 MP: 4/4
   125 | D:1      | Quit the game

Illustrated notes

Levels and vault maps discovered:
D:1:      kilobyte_arrival_exit_the_forest, layout_rooms

Action                   || total
-------------------------++-------
 Cast: Summon Small Mamm ||     4
